 Dungeon Crawl Stone Soup version 0.29.0-7-g18a832c13a (webtiles) character file.

Game seed: 6608611365262410094

238 tizbic2 the Caller (level 6, -20/61 HPs)
             Began as an Ogre Summoner on Aug 30, 2022.
             Demolished by an ogre
             ... wielding a +0 giant club
              (31 damage)
             ... on level 4 of the Dungeon.
             The game lasted 00:16:52 (3729 turns).

tizbic2 the Caller (Ogre Summoner)                  Turns: 3729, Time: 00:16:53

Health: -20/61     AC: 14    Str: 13    XL:     6   Next: 7%
Magic:  4/11       EV:  9    Int: 24    God:
Gold:   27         SH:  0    Dex:  9    Spells: 4/12 levels left

rFire   . . .      SeeInvis .   n - +0 short sword (protect)
rCold   . . .      Faith    .   (no shield)
rNeg    + . .      Spirit   .   C - +1 troll leather armour
rPois   .          Reflect  .   (helmet restricted)
rElec   .          Harm     .   m - +0 cloak
rCorr   .          Rampage  .   (gloves unavailable)
Will    .....                   (boots unavailable)
Stlth   +.........              (no amulet)
HPRegen 1.00/turn               e - +6 ring of intelligence
MPRegen 0.12/turn               v - ring of positive energy

@: under a protective aura
A: large, unfitting armour, tough skin 1
a: no special abilities


You were on level 4 of the Dungeon.
You visited 1 branch of the dungeon, and saw 4 of its levels.

You collected 247 gold pieces.
You spent 220 gold pieces at shops.

Inventory:

Hand Weapons
 g - a +0 hand axe
 n - a +0 short sword of protection (weapon)
 o - a +3 dagger
Missiles
 c - 2 atropa-tipped darts
 h - 6 poisoned darts
 k - 41 stones
Armour
 m - a +0 cloak (worn)
 C - a +1 troll leather armour (worn)
Jewellery
 e - a +6 ring of intelligence (left hand)
 i - a ring of flight
 j - a ring of protection from fire
 v - a ring of positive energy (right hand)
Wands
 B - a wand of mindburst (15)
Scrolls
 d - a scroll of enchant armour {unknown}
 q - a scroll of enchant weapon
 s - 2 scrolls of teleportation {unknown}
 x - a scroll of amnesia
 y - a scroll of brand weapon {unknown}
 A - a scroll of poison {unknown}
Potions
 a - a potion of brilliance {unknown}
 b - 3 potions of magic
 f - 2 potions of haste {unknown}
 l - a potion of resistance {unknown}
 p - 2 potions of mutation {unknown}
 r - 2 potions of heal wounds {unknown}
 u - a potion of flight {unknown}
 w - 2 potions of curing {unknown}
 z - a potion of attraction {unknown}


   Skills:
 + Level 3.2 Fighting
 - Level 1.7 Dodging
 - Level 1.4 Stealth
 + Level 3.6 Spellcasting
 + Level 4.3 Summonings
 * Level 3.1 Air Magic


You had 4 spell levels left.
You knew the following spells:

 Your Spells              Type           Power      Damage    Failure   Level
a - Summon Small Mammal   Summ           100%       N/A       2%          1
b - Summon Lightning Spi  Summ/Air       22%        N/A       28%         4
c - Call Canine Familiar  Summ           25%        N/A       7%          3

Your spell library contained the following spells:

 Spells                   Type           Power      Damage    Failure   Level
 Call Imp                 Summ           25%        N/A       3%          2
 Magic Dart               Conj           16%        1d3       13%         1
 Summon Guardian Golem    Hex/Summ       14%        N/A       16%         3
 Mephitic Cloud           Conj/Pois/Air  9%         N/A       26%         3


Dungeon Overview and Level Annotations

Branches:
Dungeon (4/15)
 Temple: D:4-7

Altars:

Shops:
D:1 ?[??*


Innate Abilities, Weirdness & Mutations

You are too large for most types of armour.
You have tough skin. (AC +1)


Message History

You barely miss the ogre. The ogre hits you with a +0 giant club.
Your lightning spire shoots out a bolt of lightning at the ogre!
The bolt of electricity hits the ogre!
You hit the ogre.
Your weapon exudes an aura of protection.
The ogre is heavily wounded.
The ogre hits you with a +0 giant club!
Your lightning spire shoots out a bolt of lightning at the ogre!
The bolt of electricity hits the ogre!
You hit the ogre.
The ogre is severely wounded.
You barely miss the ogre.
The ogre is severely wounded.
The ogre hits you with a +0 giant club!!
The dart slug barely misses you.
You barely miss the ogre.
The ogre is severely wounded.
The ogre closely misses you.
Your lightning spire shoots out a bolt of lightning at the ogre!
The bolt of electricity hits the ogre.
The bolt of electricity hits the dart slug.
The dart slug bites you but does no damage.
You closely miss the ogre.
The ogre is almost dead.
The ogre hits you with a +0 giant club!!
* * * LOW HITPOINT WARNING * * *
You barely miss the ogre.
The ogre is almost dead.
You hit the ogre but do no damage.
Your weapon exudes an aura of protection.
The ogre is almost dead.
The ogre barely misses you.
The dart slug launches a dart at your lightning spire.
The slug dart hits your lightning spire but does no damage.
You barely miss the ogre. You punch the ogre, but do no damage.
The ogre is almost dead.
Your lightning spire disappears in a puff of smoke!
The ogre hits you with a +0 giant club!!
Ouch! That really hurt!
You die...

...!. #.....# .#...
.....
###......?####.....
.....
...................
.....
..........?..#.##
.....
#..........#.#..##..
..o..
...........#........
#.........#........
###...............##
.....w.O@...........
##....ยง....#......##
#.........#......#
#....?....#......#
#.........#......#
##.......#########
##.....## #######


You could see an ogre and a dart slug (unaware).

Vanquished Creatures
  A dart slug (D:1)
  3 orcs (D:3)
  4 bats
  An endoplasm (D:1)
  A goblin (D:2)
  2 hobgoblins
  A jackal (D:2)
  5 kobolds
  2 quokkas
  3 ball pythons
  3 rats
26 creatures vanquished.

Vanquished Creatures (collateral kills)
  A black bear (D:4)
  A jelly (D:4)
  A gnoll (D:1)
  4 adders
  A worm (D:2)
  2 orcs (D:3)
  3 ball pythons
  4 bats
  4 endoplasms
  A giant cockroach (D:1)
  4 goblins
  6 hobgoblins
  A quokka (D:1)
  A frilled lizard (D:2)
  5 kobolds
  2 rats (D:1)
41 creatures vanquished.

Vanquished Creatures (others)
  6 fungi (D:2)
  4 plants (D:2)
10 creatures vanquished.

Grand Total: 77 creatures vanquished

Notes
Turn   | Place    | Note
-------+----------+-------------------------------------------
     0 | D:1      | tizbic2 the Ogre Summoner began the quest for the Orb.
     0 | D:1      | Reached XP level 1. HP: 16/16 MP: 3/3
    43 | D:1      | Found Zaygg's General Store.
   119 | D:1      | Reached skill level 1 in Fighting
   119 | D:1      | Reached skill level 1 in Air Magic
   119 | D:1      | Reached XP level 2. HP: 15/27 MP: 0/5
   340 | D:1      | Found Qureokad's Magic Scroll Emporium.
   470 | D:1      | Found Lool's Armour Shoppe.
   483 | D:1      | Found Yfostrie's Magic Scroll Shoppe.
   485 | D:1      | Found Kyonlost's Magic Scroll Shoppe.
   493 | D:1      | Reached XP level 3. HP: 20/33 MP: 5/7
  1610 | D:2      | Reached XP level 4. HP: 28/42 MP: 1/8
  1657 | D:2      | Identified the +3 leather armour of the Saviour {*Slow
                  | rElec rC+}
  2011 | D:2      | Learned a level 4 spell: Summon Lightning Spire
  2016 | D:2      | Learned a level 3 spell: Call Canine Familiar
  2047 | D:2      | Found a faded altar of an unknown god.
  2156 | D:2      | Reached skill level 4 in Summonings
  3025 | D:1      | Bought a +1 troll leather armour for 220 gold pieces
  3409 | D:3      | Reached XP level 5. HP: 50/50 MP: 4/9
  3525 | D:4      | Noticed a black bear
  3529 | D:4      | Killed a black bear
  3530 | D:4      | Reached XP level 6. HP: 61/61 MP: 2/11
  3633 | D:4      | Noticed a nameless horror
  3729 | D:4      | Demolished by an ogre

Illustrated notes

Levels and vault maps discovered:
D:1:      mrwooster_arrival_statue_3, layout_loops_ring, serial_aquarium,
          aquarium_bridge_island_small [aquarium_subvault_small_water,
          aquarium_subvault_wall, aquarium_subvault_wall,
          aquarium_subvault_bridge, aquarium_subvault_wall],
          aquarium_bridge_square [aquarium_subvault_bridge,
          aquarium_subvault_bridge, aquarium_subvault_balcony,
          aquarium_subvault_wall], aquarium_window_corner, aquarium_window_2,
          aquarium_window_1, aquarium_view_2e, aquarium_pool_corner,
          serial_shops, shop, nicolae_shop_competitors_out_of_business,
          nicolae_square_shop, nicolae_shop_advertising_works
          [nicolae_subvault_shop_adworks], nicolae_shop_behind_doors,
          minmay_pentomino_s4
D:2:      layout_loops_ring, dreamdust_ecumenical_altar_grove,
          minmay_joined_circles
D:3:      layout_basic
D:4:      layout_rooms, gammafunk_temple_overflow_claw,
          minmay_temple_entry_waves

Skill      XL: |  1  2  3  4  5 |
---------------+----------------+-----
Fighting       | 1 2 3 |  3.2
Air Magic      | 1 2 3 |  3.1
Spellcasting   | 3 |  3.6
Summonings     | 4 |  4.3
Dodging        | |  1.7
Stealth        | |  1.4

Action                   |  1- 3 |  4- 6 || total
-------------------------+-------+-------++-------
Melee: Long sword        |    24 |       ||    24
       Hand axe          |    22 |       ||    22
       Short sword       |     1 |    49 ||    50
       Dagger            |       |    36 ||    36
       Punch             |       |     1 ||     1
 Cast: Summon Small Mamm |    34 |     8 ||    42
       Call Canine Famil |       |     8 ||     8
       Summon Lightning  |       |     6 ||     6
  Use: Scroll            |       |     2 ||     2
 Stab: Sleeping          |     3 |       ||     3
Armor: Robe              |    20 |    31 ||    51
       Troll leather arm |       |    19 ||    19
       Skin              |       |     1 ||     1
Dodge: Dodged            |    41 |    50 ||    91
